 Dungeon Crawl Stone Soup version 0.21.1-1-g345015f (webtiles) character file.

72 letownia2 the Magician (level 4, 0/30 HPs)
             Began as a Merfolk Wizard on Mar 19, 2018.
             Was an Initiate of Cheibriados.
             Slain by a bullfrog (2 damage)
             ... on level 3 of the Dungeon.
             The game lasted 00:08:42 (933 turns).

letownia2 the Magician (Merfolk Wizard)              Turns: 933, Time: 00:08:43

Health: 0/30       AC:  3    Str:  7 (9)  XL:     4   Next: 25%
Magic:  3/8        EV: 12    Int: 17 (18) God:    Cheibriados [......]
Gold:   85         SH:  0    Dex: 11 (13) Spells: 0/9 levels left

rFire    . . .     SeeInvis .   a - +1 dagger (venom)
rCold    . . .     Gourm    .   (no shield)
rNeg     . . .     Faith    .   s - +0 robe
rPois    .         Spirit   .   p - +0 helmet
rElec    .         Reflect  .   (no cloak)
rCorr    .         Harm     .   (no gloves)
MR       .....     Rnd*Tele +   (no boots)
Stlth    ++........             (no amulet)
HPRegen  0.10/turn              r - ring of teleportation (curse)
MPRegen  0.11/turn              (no ring)

@: flying, very slightly contaminated, very slow
A: change form in water, swift swim, stealthy swim
a: Bend Time, Renounce Religion


You were on level 3 of the Dungeon.
You worshipped Cheibriados.
Cheibriados was noncommittal.
You were not hungry.

You visited 2 branches of the dungeon, and saw 5 of its levels.

You collected 85 gold pieces.

Inventory:

Hand Weapons
 a - a +1 dagger of venom (weapon)
 j - a +0 dagger
Missiles
 e - 24 sling bullets
 i - 21 stones (quivered)
Armour
 b - a +0 hat
 l - a +0 leather armour
 o - a +0 ring mail
 p - a +0 helmet (worn)
 s - a +0 robe (worn)
 t - a +0 scale mail
Jewellery
 r - a cursed ring of teleportation (left hand)
Scrolls
 f - 2 scrolls of identify {unknown}
 k - 2 scrolls of amnesia {unknown}
 m - a scroll of teleportation {unknown}
 n - a scroll of fog {unknown}
 q - a scroll of remove curse {unknown}
 u - a scroll of random uselessness {unknown}
Books
 c - a book of Minor Magic

   Spells                             Type                      Level
   a - Magic Dart                     Conjuration                  1
   b - Blink                          Translocation                2
   c - Call Imp                       Summoning                    2
   d - Slow                           Hexes                        2
   e - Conjure Flame                  Conjuration/Fire             3
   f - Mephitic Cloud                 Conjuration/Poison/Air       3
Comestibles
 d - 3 rations
 v - a chunk of flesh


   Skills:
 - Level 2.6 Dodging
 - Level 2.1 Stealth
 + Level 3.2 Spellcasting
 - Level 2.0 Conjurations
 - Level 2.0 Summonings
   Level 0.7 Translocations
 + Level 0.8 Air Magic
 + Level 1.1 Poison Magic


You couldn't memorise any spells.
You knew the following spells:

 Your Spells              Type           Power        Failure   Level  Hunger
a - Magic Dart            Conj           #...         7%          1    None
c - Conjure Flame         Conj/Fire      #.......     32%         3    ###....
e - Mephitic Cloud        Conj/Pois/Air  #.......     28%         3    ###....
i - Call Imp              Summ           #.......     12%         2    ##.....


Dungeon Overview and Level Annotations

Branches:
Dungeon (4/15)             Temple (1/1) D:4

Altars:
Ashenzari
Cheibriados
Dithmenos
Elyvilon
Fedhas
Gozag
Hepliaklqana
Kikubaaqudgha
Makhleb
Nemelex Xobeh
Qazlal
Ru
Sif Muna
Trog
Uskayaw
Vehumet
Wu Jian
Xom
Yredelemnul
Zin
The Shining One

Annotations:
D:4 Curus's ghost, amateur MfTm


Message History

It was a potion of flight.
You feel very buoyant.
You fly up into the air.
The bullfrog hits you.
* * * LOW HITPOINT WARNING * * *
It was a potion of degeneration.
There was something very wrong with that liquid.
You feel weakened.
You feel dopey.
You feel clumsy. The bullfrog hits you.
* * * LOW HITPOINT WARNING * * *
The bullfrog hits you.
* * * LOW HITPOINT WARNING * * *
The bullfrog misses you.
Unknown command.
The bullfrog releases a deep croak.
The bullfrog closely misses you.
Unknown command.
The bullfrog hits you but does no damage.
Unknown command.
The bullfrog hits you.
You die...

#.##.# #.# #######.##.#
###.#######......†...#
#.$.......#..####.#..# #.#.#
#..#..# #.#... #.#.# #.....#
#..... #.#.# #.....####.#..#
########.#.####............<.
............@F...............
######..#.####.....######..#
#..#...................
#..#..###.....######..#
#..#..# #........ ..... #
#..#..# #.....### ##... #.
#..#............ .....
#.#########..#..###.....###
##.#
.........................
.....


You could see a bullfrog.

Vanquished Creatures
  An adder (D:2)
  2 worms (D:3)
  A dart slug (D:2)
  A leopard gecko (D:3)
  An orc (D:3)
  A ball python (D:1)
  5 bats
  2 giant cockroaches
  4 goblins
  2 hobgoblins
  2 kobolds
  2 frilled lizards
  A rat (D:3)
25 creatures vanquished.

Vanquished Creatures (collateral kills)
  An orc wizard (D:3)
  An orc priest (D:3)
  2 orcs (D:3)
  A frilled lizard (D:3)
  A rat (D:2)
6 creatures vanquished.

Grand Total: 31 creatures vanquished

Notes
Turn   | Place    | Note
-------+----------+-------------------------------------------
     0 | D:1      | letownia2 the Merfolk Wizard began the quest for the Orb.
     0 | D:1      | Reached XP level 1. HP: 13/13 MP: 4/4
    16 | D:1      | Reached skill level 1 in Conjurations
   137 | D:1      | Reached XP level 2. HP: 18/19 MP: 0/6
   201 | D:1      | Learned a level 2 spell: Call Imp
   306 | D:2      | Found a sacrificial altar of Ru.
   372 | D:3      | Noticed a bullfrog
   439 | D:4      | Found a staircase to the Ecumenical Temple.
   446 | Temple   | Entered the Ecumenical Temple
   490 | Temple   | Became a worshipper of Cheibriados the Contemplative
   616 | D:3      | Reached XP level 3. HP: 24/24 MP: 5/7
   621 | D:3      | Learned a level 3 spell: Mephitic Cloud
   753 | D:3      | Noticed a phantom
   804 | D:3      | Reached skill level 1 in Poison Magic
   804 | D:3      | Reached XP level 4. HP: 9/30 MP: 1/8
   835 | D:3      | Learned a level 3 spell: Conjure Flame
   836 | D:4      | Noticed an ogre
   836 | D:4      | Noticed Curus's ghost (amateur MfTm)
   933 | D:3      | Slain by a bullfrog

Skill      XL: |  1  2  3 |
---------------+----------+-----
Conjurations   | 1 2 |  2.0
Summonings     | 2 |  2.0
Poison Magic   | 1 |  1.1
Dodging        | |  2.6
Stealth        | |  2.1
Spellcasting   | |  3.2
Translocations | |  0.7
Air Magic      | |  0.8

Action                   |  1- 3 |  4- 6 || total
-------------------------+-------+-------++-------
Melee: Unarmed           |     5 |       ||     5
       Dagger            |    29 |     8 ||    37
 Cast: Magic Dart        |    35 |     6 ||    41
       Call Imp          |    10 |       ||    10
  Use: Potion            |       |     2 ||     2
 Stab: Distracted        |     1 |       ||     1
  Eat: Chunk             |       |     1 ||     1
Armor: Robe              |     5 |     2 ||     7
Dodge: Dodged            |    37 |    10 ||    47
